Unix NetHack Version 5.0.0-0 post-release - last build Jul 19 2026 19:10:59 (3aa4ab31751d3886436d94b585a96704892fd477,branch:main).

Game began 2026-07-25 16:43:09, ended 2026-07-25 17:33:11.

LDaviesPeters, neutral female human Archeologist

       ##                                      ----------------        -----
      -#|---     ------------                  |..............|        |...|
      |....|  ###...........|                  |...............########-...|
      |...>|  # #|...........#############     |..............|#       -.---
      |....|  # #|..........|#         # ######...............|#        #
      |.....### #|..........|#          ###    ------+---------#        ####
      |....|    #|...........#            ######################           #
      --.---    #------+-----#                     ###         ##          #
        ###     ##          ##                     #            ##         #
          #      ##          #                     #             #         ##
          #       #          #                     #             #          #
          #       #          #                     #             ##------.--|-
          ###     #          ##                    #              #|.........|
  ----------|-----#           #              ------|-----         #|.........|
  |...............#           # -----        |).........|         #-(........|
  |..............|            ##|...|        |..........|          |.........|
  |..............|      ########|.r*+########......<....|          -----------
  |..............-#######      #+...|        ------------
  ----------------              -----

LDaviesPeters the Wererat  St:14 Dx:13 Co:15 In:11 Wi:18 Ch:9  Neutral
Dlvl:3  $:0  HP:6(6) Pw:50(50) AC:6  HD:2 T:4485  Hungry  

Latest messages:
 You drop 2 candles.
 You drop a cursed lock pick.
 You drop a +0 pick-axe.
 You drop a tinning kit (0:92).
 Your movements are now unencumbered.
 You drop an uncursed aquamarine stone.
 You drop an uncursed touchstone.
 Not carrying anything.
 The acid blob oozes under the door.
 You bite the acid blob.
 You are splashed by the acid blob's acid!
 You are beginning to feel hungry.
 You bite the acid blob.
 You bite the acid blob.
 You kill the acid blob!
 You are splashed by the acid blob's acid!
 You see here an acid blob corpse.
 There is an acid blob corpse here; eat it? [ynq] (n) y
 You have a very bad case of stomach acid.
 You return to human form!
 You finish eating the acid blob corpse.
 You turn into a wererat!
 Use the command #monster to summon help.
 You are beginning to feel hungry.
 You stop waiting.
 There are many objects here.
 There are 2 uncursed tripe rations here; eat one? [ynq] (n) y
 Blecch!  Rotten food!
 The world spins and goes dark.
 You are conscious again.
 There is an uncursed partly eaten tripe ration here; eat it? [ynq] (n) y
 You consume the last bite of your meal.
 You are beginning to feel hungry.
 You stop waiting.
 You are beginning to feel weak.
 There are many objects here.
 There is an uncursed tripe ration here; eat it? [ynq] (n) y
 This tripe ration is surprisingly good!
 You finish eating the tripe ration.
 You are beginning to feel hungry.
 You stop waiting.
 Are you sure you want to pray? [yn] (n) y
 You begin praying to Camaxtli.
 You finish your prayer.
 You feel that Camaxtli is displeased.
 Really quit without saving? [yn] (n) y
 Do you want to see your attributes? [ynq] (y) y
 Do you want an account of creatures vanquished? [ynaq] (y) n
 Do you want to see your conduct and achievements? [ynq] (y) y
 Do you want to see the dungeon overview? [ynq] (y) n

Inventory:
Not carrying anything.
LDaviesPeters the Archeologist's attributes:

Background:
 You were in female wererat form.
 You were actually an Investigator, a level 6 female human Archeologist.
 You were neutral, on a mission for Camaxtli
 who was opposed by Quetzalcoatl (lawful) and Huhetotl (chaotic).
 You were normally right-handed.
 You were in the Dungeons of Doom, on level 3.
 You entered the dungeon 4485 turns ago.

Basics:
 You had all 6 hit points.
 You had all 50 energy points (spell power).
 You had 2 hit dice.
 Your armor class was 6.
 Your wallet was empty.
 Autopickup was off.

Final Characteristics:
 Your strength was 14.
 Your dexterity was 13.
 Your constitution was 15.
 Your intelligence was 11.
 Your wisdom was 18.
 Your charisma was 9.

Final Status:
 You were transformed.
 You were hungry.
 You were unencumbered.
 You weren't wielding anything.
 You were unskilled in bare handed combat.
 You weren't wearing any armor.

Final Attributes:
 You were piously aligned.
 You were poison resistant.
 You were level-drain resistant.
 You had automatic searching.
 You were stealthy.
 You regenerated.
 You were a wererat in beast form.
 You were harmed by silver.
 You were unlucky.
 Camaxtli was angry with you.
 You survived.

Miscellaneous:
 You didn't encounter any bones levels.
 Total elapsed playing time was 50 minutes and 2 seconds.

Major events:
 Turn
    1: LDaviesPeters the neutral female human Archeologist entered the dungeon
  584: entered the Gnomish Mines
 1641: attained the rank of Field Worker (level 3)
 3556: attained the rank of Investigator (level 6)
 4485: quit

You didn't know any spells.

Skills:
 Fighting Skills
   bare handed combat [Unskilled]
   two weapon combat  [Unskilled]
   riding             [Unskilled]
 Weapon Skills
   dagger             [Unskilled]
   knife              [Unskilled]
   pick-axe           [Basic]
   short sword        [Unskilled]
   saber              [Unskilled]
   club               [Unskilled]
   quarterstaff       [Unskilled]
   sling              [Unskilled]
   dart               [Unskilled]
   boomerang          [Unskilled]
   whip               [Skilled]
   unicorn horn       [Unskilled]
 Spellcasting Skills
   attack spells      [Unskilled]
   healing spells     [Unskilled]
   divination spells  [Unskilled]
   matter spells      [Unskilled]

Voluntary challenges:
 Character rerolling was not enabled.
 You never genocided any monsters.
 You never polymorphed an object.
 You used no wishes.
Achievements:
 You entered the Gnomish Mines.
 You attained the rank of Field Worker.
 You attained the rank of Investigator.

 The Dungeons of Doom: levels 1 to 6
    Level 1:
       A fountain.
    Level 2:
       Some fountains.
       Stairs down to The Gnomish Mines.
    Level 3: <- You were here.
    Level 4:
       A fountain.
    Level 5:
       An altar, a throne.
    Level 6:
 The Gnomish Mines: levels 3 to 4
    Level 3:
    Level 4:


Vanquished creatures:
  a leprechaun
  a bugbear
  a rock piercer
  a fog cloud
  a shrieker
  4 gnome leaders
  a gray ooze
  a floating eye
  a kitten
  2 dwarves
  2 homunculi
  2 kobold leaders
  4 hill orcs
  a rothe
  a giant bat
 an orc zombie
  a wererat
 an iguana
  2 acid blobs
  3 coyotes
  a gas spore
  2 hobbits
  2 manes
  3 large kobolds
  8 giant rats
 10 gnomes
  a gnome zombie
  7 geckos
  3 jackals
  a fox
  a goblin
  3 grid bugs
  3 lichens
  2 kobold zombies
  6 newts
85 creatures vanquished.

No species were genocided or became extinct.

Goodbye LDaviesPeters the Archeologist...

You quit in The Dungeons of Doom on dungeon level 3 with 1820 points,
and 0 pieces of gold, after 4485 moves.
You were level 6 with a maximum of 44 hit points when you quit.

